WCL
SPARTANBURG SPARTANS @ GASTONIA ROCKETS
04/20/1982
 
TOP OF THE 1ST
Spartanburg Spartans batting - Pitching for Gastonia Rockets : RHP Jose Torres
Pitching: RHP Jose Torres
Batting: SHB Michael Vanderburg 0-0: Called Strike
0-1: Bunt missed!
0-2: Foul Ball, location: 2F
0-2: Ball
1-2: SINGLE (Line Drive, 89S, EV 92.5 MPH)
Batting: LHB Albert Ortiz 0-0: Ball
Michael Vanderburg steals 2nd base
1-0: Reached on error, E6 (Groundball, 6M, EV 85.0 MPH)
Michael Vanderburg scores
Batting: RHB Gib Seibert 0-0: Called Strike
0-1: Ball
1-1: Ball
2-1: Ball
3-1: Base on Balls
Batting: LHB John Hennell 0-0: Called Strike
0-1: Foul Ball, location: 2F
0-2: Ball
1-2: SINGLE (Flyball, 89S, EV 88.8 MPH)
Albert Ortiz to third
Gib Seibert to second
Batting: RHB Van Sowards 0-0: Fly out, F8 (Flyball, 8LD, EV 106.9 MPH)
Runner from 3rd tags up, SCORES, throw by CF
Batting: LHB Warren McReddie 0-0: Ball
1-0: Called Strike
1-1: Swinging Strike
1-2: Foul Ball, location: 2F
1-2: Strikes out looking
Batting: RHB Rigo Rodriguez 0-0: SINGLE (Line Drive, 89M, EV 93.8 MPH)
Gib Seibert to third
John Hennell to second
Batting: RHB Ron Dillard 0-0: Called Strike
0-1: Fielders Choice at 2nd, U4 (Groundball, 4M, EV 107.5 MPH)
Top of the 1st over - 2 runs, 3 hits, 1 error, 3 left on base; Spartanburg 2 - Gastonia 0
BOTTOM OF THE 1ST
Gastonia Rockets batting - Pitching for Spartanburg Spartans : LHP Scott Budner
Pitching: LHP Scott Budner
Batting: RHB Glenn Jones 0-0: DOUBLE (Line Drive, 5D, EV 107.5 MPH)
Batting: RHB Jackie Wright 0-0: SINGLE (Groundball, 4M, EV 100.6 MPH) (infield hit)
Glenn Jones to third
Batting: RHB James Crawford 0-0: Ball
1-0: Foul Ball, location: 2F
1-1: SINGLE (Groundball, 5S, EV 65.6 MPH) (infield hit)
Glenn Jones scores
Jackie Wright to second
Batting: RHB Mark Davidson 0-0: Called Strike
0-1: Ball
1-1: Foul Ball, location: 2F
1-2: Ball
2-2: Ball
3-2: Base on Balls
Jackie Wright to third
James Crawford to second
Batting: LHB Reginald Thomas 0-0: Ball
1-0: Called Strike
1-1: Ball
2-1: Grounds into double play, 5-4-3 (Groundball, 56, EV 80.6 MPH)
Jackie Wright scores
James Crawford to third
Batting: RHB Pat Dumouchelle 0-0: Foul Ball, location: 2F
0-1: Ball
1-1: Foul Ball, location: 2F
1-2: Strikes out swinging
Bottom of the 1st over - 2 runs, 3 hits, 0 errors, 1 left on base; Spartanburg 2 - Gastonia 2
TOP OF THE 2ND
Spartanburg Spartans batting - Pitching for Gastonia Rockets : RHP Jose Torres
Batting: RHB Robin Dreizler 0-0: Called Strike
0-1: Swinging Strike
0-2: Strikes out looking
Batting: SHB Michael Vanderburg 0-0: Called Strike
0-1: Fly out, F5 (Popup, 56S, EV 87.5 MPH)
Batting: LHB Albert Ortiz 0-0: Ball
1-0: Ground out 6-3 (Groundball, 6, EV 81.9 MPH)
Top of the 2nd over - 0 runs, 0 hits, 0 errors, 0 left on base; Spartanburg 2 - Gastonia 2
BOTTOM OF THE 2ND
Gastonia Rockets batting - Pitching for Spartanburg Spartans : LHP Scott Budner
Batting: LHB Dale Holman 0-0: Called Strike
0-1: Ball
1-1: Ball
2-1: Called Strike
2-2: Ball
3-2: Fly out, F8 (Line Drive, 8RD, EV 98.1 MPH)
Batting: RHB Donald Murelli 0-0: Ball
1-0: Ground out 3-1 (Groundball, 34, EV 86.9 MPH)
Batting: RHB Greg Tarnow 0-0: Ball
1-0: Called Strike
1-1: Foul Ball, location: 2F
1-2: Strikes out looking
Bottom of the 2nd over - 0 runs, 0 hits, 0 errors, 0 left on base; Spartanburg 2 - Gastonia 2
TOP OF THE 3RD
Spartanburg Spartans batting - Pitching for Gastonia Rockets : RHP Jose Torres
Batting: RHB Gib Seibert 0-0: Ball
1-0: DOUBLE (Line Drive, 7LS, EV 108.8 MPH)
Batting: LHB John Hennell 0-0: Ball
1-0: Ball
2-0: Fly out, F8 (Flyball, 8LM, EV 90.6 MPH)
Batting: RHB Van Sowards 0-0: Called Strike
0-1: Ball
1-1: Ball
2-1: Fly out, F4 (Flyball, 34D, EV 90.6 MPH)
Batting: LHB Warren McReddie 0-0: Swinging Strike
0-1: Ball
1-1: Ball
2-1: Ball
3-1: Ground out 4-3 (Groundball, 4, EV 85.6 MPH)
Top of the 3rd over - 0 runs, 1 hit, 0 errors, 1 left on base; Spartanburg 2 - Gastonia 2
BOTTOM OF THE 3RD
Gastonia Rockets batting - Pitching for Spartanburg Spartans : LHP Scott Budner
Batting: RHB Glenn Jones 0-0: Ball
1-0: Reached on error, E3 (Groundball, 34, EV 97.5 MPH)
Batting: RHB Jackie Wright 0-0: Swinging Strike
0-1: Grounds into double play, 6-4-3 (Groundball, 6S, EV 77.5 MPH)
Batting: RHB James Crawford 0-0: Ball
1-0: Ball
2-0: Swinging Strike
2-1: Reached on error, E5 (Groundball, 56, EV 86.3 MPH)
Batting: RHB Mark Davidson 0-0: Swinging Strike
0-1: Ball
1-1: Ball
2-1: Ball
3-1: Fly out, F8 (Line Drive, 8LD, EV 101.9 MPH)
Bottom of the 3rd over - 0 runs, 0 hits, 2 errors, 1 left on base; Spartanburg 2 - Gastonia 2
TOP OF THE 4TH
Spartanburg Spartans batting - Pitching for Gastonia Rockets : RHP Jose Torres
Batting: RHB Rigo Rodriguez 0-0: Foul Ball, location: 2F
0-1: Swinging Strike
0-2: Ball
1-2: Ball
2-2: Strikes out swinging
Batting: RHB Ron Dillard 0-0: SINGLE (Groundball, 4MS, EV 71.9 MPH) (infield hit)
Batting: RHB Robin Dreizler 0-0: Ball
1-0: Foul Ball, location: 2F
1-1: Ball
2-1: Ball
3-1: Called Strike
3-2: SINGLE (Groundball, 6MD, EV 96.3 MPH)
Ron Dillard to second
Batting: SHB Michael Vanderburg 0-0: Swinging Strike
0-1: Ball
1-1: Ball
2-1: Called Strike
2-2: Ball
3-2: SINGLE (Groundball, 4D, EV 100.0 MPH)
Ron Dillard to third
Robin Dreizler to second
Runner from 3rd tries for Home, SAFE, throw by CF to home
Batting: LHB Albert Ortiz 0-0: Ball
1-0: Ball
2-0: Fielders Choice at 2nd, 5-4 (Groundball, 56S, EV 89.4 MPH)
Robin Dreizler to third
Batting: RHB Gib Seibert 0-0: Foul Ball, location: 2F
0-1: Ball
1-1: Ball
2-1: Foul Ball, location: 2F
2-2: Ball
3-2: SINGLE (Groundball, 4M, EV 106.9 MPH) (infield hit)
Robin Dreizler scores
Albert Ortiz to second
Batting: LHB John Hennell 0-0: Called Strike
0-1: Ball
1-1: Ball
2-1: SINGLE (Groundball, 34D, EV 97.5 MPH)
Albert Ortiz to third
Gib Seibert to second
Runner from 3rd tries for Home, SAFE, throw by RF to home
Batting: RHB Van Sowards 0-0: Foul Ball, location: 2F
0-1: Ball
1-1: Ground out 5-3 (Groundball, 5S, EV 71.9 MPH)
Top of the 4th over - 3 runs, 5 hits, 0 errors, 2 left on base; Spartanburg 5 - Gastonia 2
BOTTOM OF THE 4TH
Gastonia Rockets batting - Pitching for Spartanburg Spartans : LHP Scott Budner
Batting: LHB Reginald Thomas 0-0: Ball
1-0: Ball
2-0: Fly out, F6 (Popup, 56D, EV 49.4 MPH)
Batting: RHB Pat Dumouchelle 0-0: Ground out 6-3 (Groundball, 6, EV 89.4 MPH)
Batting: LHB Dale Holman 0-0: Foul Ball, location: 2F
0-1: Foul Ball, location: 2F
0-2: Ball
1-2: Foul Ball, location: 2F
1-2: Ball
2-2: Ground out 6-3 (Groundball, 6, EV 84.4 MPH)
Bottom of the 4th over - 0 runs, 0 hits, 0 errors, 0 left on base; Spartanburg 5 - Gastonia 2
TOP OF THE 5TH
Spartanburg Spartans batting - Pitching for Gastonia Rockets : RHP Jose Torres
Batting: LHB Warren McReddie 0-0: Called Strike
0-1: DOUBLE (Line Drive, 9LM, EV 110.6 MPH)
Batting: RHB Rigo Rodriguez 0-0: SINGLE (Groundball, 56D, EV 105.6 MPH)
Warren McReddie to third
Runner from 3rd tries for Home, SAFE, throw by LF to home
Pitching: RHP Lance Dodd
Batting: RHB Ron Dillard 0-0: Ball
1-0: Bunt missed!
1-1: Sac Bunt to P - play at first, batter OUT! 1-4
Rigo Rodriguez to second
Batting: RHB Robin Dreizler 0-0: Called Strike
0-1: Ball
1-1: Ball
2-1: Foul Ball, location: 2F
2-2: Foul Ball, location: 2F
2-2: Ball
3-2: Foul Ball, location: 2F
3-2: SINGLE (Line Drive, 78M, EV 111.3 MPH)
Rigo Rodriguez to third
Runner from 3rd tries for Home, SAFE, throw by LF to home
Batting: SHB Michael Vanderburg 0-0: Swinging Strike
0-1: Foul Ball, location: 2F
0-2: Ball
1-2: Fly out, F9 (Flyball, 9, EV 73.8 MPH)
Batting: LHB Albert Ortiz 0-0: Ground out U3 (Groundball, 3L, EV 97.5 MPH)
Top of the 5th over - 2 runs, 3 hits, 0 errors, 1 left on base; Spartanburg 7 - Gastonia 2
BOTTOM OF THE 5TH
Gastonia Rockets batting - Pitching for Spartanburg Spartans : LHP Scott Budner
Batting: RHB Donald Murelli 0-0: Foul Ball, location: 2F
0-1: Foul Ball, location: 2F
0-2: Ball
1-2: Ball
2-2: Ground out 4-3 (Groundball, 4S, EV 82.5 MPH)
Batting: RHB Greg Tarnow 0-0: Called Strike
0-1: Ball
1-1: Ball
2-1: Ground out 4-3 (Groundball, 4, EV 78.8 MPH)
Batting: RHB Glenn Jones 0-0: Called Strike
0-1: Foul Ball, location: 2F
0-2: Ball
1-2: Foul Ball, location: 2F
1-2: Fly out, F9 (Flyball, 9, EV 85.6 MPH)
Bottom of the 5th over - 0 runs, 0 hits, 0 errors, 0 left on base; Spartanburg 7 - Gastonia 2
TOP OF THE 6TH
Spartanburg Spartans batting - Pitching for Gastonia Rockets : RHP Lance Dodd
Batting: RHB Gib Seibert 0-0: Ball
1-0: Ball
2-0: Foul Ball, location: 2F
2-1: Ground out 6-3 (Groundball, 6, EV 103.8 MPH)
Batting: LHB John Hennell 0-0: Ball
1-0: Foul Ball, location: 2F
1-1: Ball
2-1: Called Strike
2-2: Ball
3-2: Ground out 4-3 (Groundball, 4, EV 101.3 MPH)
Batting: RHB Van Sowards 0-0: Foul Ball, location: 2F
0-1: Foul Ball, location: 2F
0-2: Ball
1-2: Ground out 4-3 (Groundball, 4, EV 80.6 MPH)
Top of the 6th over - 0 runs, 0 hits, 0 errors, 0 left on base; Spartanburg 7 - Gastonia 2
BOTTOM OF THE 6TH
Gastonia Rockets batting - Pitching for Spartanburg Spartans : LHP Scott Budner
Batting: RHB Jackie Wright 0-0: Swinging Strike
0-1: Ball
1-1: Foul Ball, location: 2F
1-2: Ball
2-2: Strikes out swinging
Batting: RHB James Crawford 0-0: Ball
1-0: Swinging Strike
1-1: Called Strike
1-2: Foul Ball, location: 2F
1-2: Strikes out looking
Batting: RHB Mark Davidson 0-0: Foul Ball, location: 2F
0-1: Ball
1-1: Fly out, F9 (Flyball, 9, EV 85.0 MPH)
Bottom of the 6th over - 0 runs, 0 hits, 0 errors, 0 left on base; Spartanburg 7 - Gastonia 2
TOP OF THE 7TH
Spartanburg Spartans batting - Pitching for Gastonia Rockets : RHP Lance Dodd
Batting: LHB Warren McReddie 0-0: Swinging Strike
0-1: Called Strike
0-2: Ball
1-2: Fly out, F8 (Flyball, 8RM, EV 90.6 MPH)
Batting: RHB Rigo Rodriguez 0-0: Ball
1-0: Ball
2-0: Ball
3-0: Base on Balls
Batting: RHB Ron Dillard 0-0: Called Strike
0-1: Fielders Choice at 2nd, 5-4 (Groundball, 5S, EV 91.3 MPH)
Batting: RHB Robin Dreizler 0-0: Swinging Strike
0-1: Ball
Ron Dillard steals 2nd base (no throw)
1-1: Foul Ball, location: 2F
1-2: Foul Ball, location: 2F
1-2: Strikes out swinging
Top of the 7th over - 0 runs, 0 hits, 0 errors, 1 left on base; Spartanburg 7 - Gastonia 2
BOTTOM OF THE 7TH
Gastonia Rockets batting - Pitching for Spartanburg Spartans : LHP Scott Budner
Batting: LHB Reginald Thomas 0-0: Ball
1-0: SOLO HOME RUN (Flyball, 89XD, EV 91.3 MPH), Distance : 422 ft
Batting: RHB Pat Dumouchelle 0-0: SINGLE (Groundball, 4MD, EV 105.6 MPH)
Batting: LHB Dale Holman 0-0: Fly out, F7 (Line Drive, 7, EV 94.4 MPH)
Batting: RHB Donald Murelli 0-0: Foul Ball, location: 2F
0-1: Ball
1-1: Fly out, F7 (Flyball, 7S, EV 92.5 MPH)
Batting: RHB Greg Tarnow 0-0: Called Strike
0-1: Ball
1-1: Ball
2-1: Ball
3-1: Ground out 2-3 (Groundball, 15S, EV 65.6 MPH)
Bottom of the 7th over - 1 run, 2 hits, 0 errors, 1 left on base; Spartanburg 7 - Gastonia 3
TOP OF THE 8TH
Spartanburg Spartans batting - Pitching for Gastonia Rockets : RHP Lance Dodd
Batting: SHB Michael Vanderburg 0-0: Swinging Strike
0-1: Called Strike
0-2: DOUBLE (Line Drive, 78D, EV 105.6 MPH)
Batting: LHB Albert Ortiz 0-0: Foul Ball, location: 2F
0-1: Swinging Strike
0-2: Ball
1-2: Strikes out looking
Batting: RHB Gib Seibert 0-0: Ball
1-0: Fly out, F9 (Flyball, 9D, EV 90.6 MPH)
Runner from 2nd tags up, SAFE at 3rd, no throw by RF
Batting: LHB John Hennell 0-0: Called Strike
0-1: Foul Ball, location: 2F
0-2: Foul Ball, location: 2F
0-2: Ground out 4-3 (Groundball, 4, EV 88.1 MPH)
Top of the 8th over - 0 runs, 1 hit, 0 errors, 1 left on base; Spartanburg 7 - Gastonia 3
BOTTOM OF THE 8TH
Gastonia Rockets batting - Pitching for Spartanburg Spartans : LHP Scott Budner
Batting: RHB Glenn Jones 0-0: Called Strike
0-1: Foul Ball, location: 2F
0-2: Foul Ball, location: 2F
0-2: Strikes out swinging
Batting: RHB Jackie Wright 0-0: Called Strike
0-1: Ball
1-1: SINGLE (Groundball, 34D, EV 96.3 MPH)
Batting: RHB James Crawford 0-0: Called Strike
0-1: Ball
1-1: Foul Ball, location: 2F
1-2: Ball
2-2: Foul Ball, location: 2F
2-2: Fly out, F9 (Flyball, 89S, EV 91.3 MPH)
Batting: RHB Mark Davidson 0-0: Called Strike
0-1: Swinging Strike
0-2: Foul Ball, location: 2F
0-2: Ball
1-2: Foul Ball, location: 2F
1-2: Foul Ball, location: 2F
1-2: Strikes out swinging
Bottom of the 8th over - 0 runs, 1 hit, 0 errors, 1 left on base; Spartanburg 7 - Gastonia 3
TOP OF THE 9TH
Spartanburg Spartans batting - Pitching for Gastonia Rockets : RHP Lance Dodd
Batting: RHB Van Sowards 0-0: Called Strike
0-1: SINGLE (Line Drive, 34, EV 96.3 MPH)
Pitching: RHP Harvey Akers
Batting: LHB Warren McReddie 0-0: Bunted foul
0-1: Ball
1-1: Ground out U3 (Groundball, 34S, EV 69.4 MPH)
Van Sowards to second
Batting: RHB Rigo Rodriguez 0-0: Ball
1-0: Ball
2-0: Swinging Strike
2-1: Ball
3-1: Called Strike
3-2: Foul Ball, location: 2F
3-2: Strikes out swinging
Batting: RHB Ron Dillard 0-0: Called Strike
0-1: Ball
1-1: Fly out, F8 (Flyball, 8RS, EV 88.1 MPH)
Top of the 9th over - 0 runs, 1 hit, 0 errors, 1 left on base; Spartanburg 7 - Gastonia 3
BOTTOM OF THE 9TH
Gastonia Rockets batting - Pitching for Spartanburg Spartans : LHP Scott Budner
Batting: LHB Reginald Thomas 0-0: Ball
1-0: Called Strike
1-1: Ball
2-1: Swinging Strike
2-2: Foul Ball, location: 2F
2-2: Foul Ball, location: 2F
2-2: DOUBLE (Line Drive, 9LM, EV 106.9 MPH)
Batting: RHB Pat Dumouchelle 0-0: Ball
1-0: Foul Ball, location: 2F
1-1: Ball
2-1: Foul Ball, location: 2F
2-2: Strikes out swinging
Batting: LHB Dale Holman 0-0: Ball
1-0: Foul Ball, location: 2F
1-1: Ground out 6-3 (Groundball, 6S, EV 84.4 MPH)
Batting: RHB Donald Murelli 0-0: Ball
1-0: Ball
2-0: Ball
Passed Ball!
Reginald Thomas to third
3-0: Called Strike
3-1: Called Strike
3-2: Foul Ball, location: 2F
3-2: SINGLE (Flyball, 8RS, EV 94.4 MPH)
Reginald Thomas scores
Batting: RHB Greg Tarnow 0-0: Ball
1-0: Called Strike
1-1: Swinging Strike
1-2: Foul Ball, location: 2F
1-2: Ball
2-2: Foul Ball, location: 2F
2-2: Ball
3-2: Fly out, F7 (Line Drive, 7, EV 99.4 MPH)
Bottom of the 9th over - 1 run, 2 hits, 0 errors, 1 left on base; Spartanburg 7 - Gastonia 4
Wednesday, July 22nd, 2020 - OOTP Baseball 21.4 Build 63